 Dungeon Crawl Stone Soup version 0.17-a0-2064-g265a032 (webtiles) character file.

160 Bolverk the Chiller (level 5, -16/37 HPs)
             Began as a Merfolk Ice Elementalist on Oct 12, 2015.
             Demolished by an ogre
             ... wielding a +0 giant club
              (23 damage)
             ... on level 5 of the Dungeon.
             The game lasted 00:06:17 (2567 turns).

Bolverk the Chiller (Merfolk Ice Elementalist)      Turns: 2567, Time: 00:06:17

Health: -16/37     AC:  7    Str:  9    XL:     5   Next: 41%
Magic:  0/9        EV: 13    Int: 15    God:
Gold:   120        SH:  0    Dex: 14    Spells: 3 memorised, 2 levels left

rFire  . . .     SeeInvis .     a - +1 short sword
rCold  . . .     Clarity  .     p - +0 robe
rNeg   . . .     SustAt   .     (no shield)
rPois  .         Gourm    .     (no helmet)
rElec  .         Spirit   .     (no cloak)
rCorr  .         Warding  .     (no gloves)
rMut   .         Stasis   .     (no boots)
MR     .....                    (no amulet)
Stlth  ++........               (no ring)
                                (no ring)

@: icy armour, very slightly contaminated, not resistant to hostile
enchantments, unstealthy
A: change form in water, swift swim
a: no special abilities


You were on level 5 of the Dungeon.
You were not hungry.

You visited 1 branch of the dungeon, and saw 5 of its levels.

You collected 120 gold pieces.

Inventory:

Hand Weapons
 a - a +1 short sword (weapon)
Missiles
 d - 103 stones (quivered)
Armour
 i - a +1 ring mail of fire resistance
 p - a +0 robe (worn)
Wands
 o - a wand of confusion (0)
Scrolls
 e - a scroll of identify {unknown}
 f - a scroll of remove curse
 l - a scroll of fog {unknown}
Potions
 g - 3 potions of curing {unknown}
 h - a potion of heal wounds {unknown}
 j - a potion of agility {unknown}
 k - a potion of invisibility {unknown}
 m - 2 potions of brilliance {unknown}
Books
 b - a book of Frost

   Spells                             Type                      Level
   a - Freeze                         Ice                          1
   b - Throw Frost                    Conjuration/Ice              2
   c - Ozocubu's Armour               Charms/Ice                   3
   d - Throw Icicle                   Conjuration/Ice              4
   e - Summon Ice Beast               Ice/Summoning                4
   f - Condensation Shield            Ice                          4
Comestibles
 c - a bread ration


   Skills:
 + Level 1.2 Fighting
 + Level 1.0 Throwing
 + Level 0.1 Armour
 + Level 3.6 Dodging
 + Level 2.6 Stealth
 + Level 3.0 Spellcasting
   Level 0.7 Conjurations
 + Level 0.4 Charms
 + Level 4.5 Ice Magic


You had 2 spell levels left.
You knew the following spells:

 Your Spells              Type           Power        Failure   Level  Hunger
a - Freeze                Ice            ###.         3%          1    #......
b - Ozocubu's Armour      Chrm/Ice       #.......     24%         3    ###....
c - Condensation Shield   Ice            ###.......   34%         4    #####..


Dungeon Overview and Level Annotations

Branches:
Dungeon (5/15)
 Temple: D:4-7

Altars:

Annotations:
D:3 Sigmund
D:4 Menkaure


Message History

Aim: an ogre, wielding a giant club (heavily wounded)
You freeze the ogre.
The ogre is severely wounded.
Casting: Freeze
Confirm with . or Enter, or press ? or * to list all spells.
You don't have enough magic to cast that spell.
Throwing (i - inventory):
d - 103 stones (quivered)
Press: ? - help, Shift-Dir - straight line, f/p - ogre
Aim: an ogre, wielding a giant club (severely wounded)
Okay, then.
Unknown command.
You hit the ogre.
The ogre is severely wounded.
The ogre hits you with a giant club!
* * * LOW HITPOINT WARNING * * *
You barely miss the ogre.
The ogre is severely wounded.
The ogre hits you with a giant club!!
Ouch! That really hurt!
You die...

#..... #....
.... ###..
#..(# #(##
###..#
##..O.####
#...@....#
#........##
##.........#
#..........#
#..........##
#..........<#
#...........#
#...........##
#............#


You could see an ogre.

Vanquished Creatures
  A jelly (D:5)
  A crimson imp (D:5)
  Jessica (D:3)
  4 adders (D:2)
  A worm (D:2)
  A giant gecko (D:1)
  4 bats
  2 giant cockroaches
  5 hobgoblins
  8 kobolds
  A giant newt (D:2)
  4 goblins
  6 rats
39 creatures vanquished.

Notes
Turn   | Place    | Note
--------------------------------------------------------------
     0 | D:1      | Bolverk the Merfolk Ice Elementalist began the quest for the Orb.
     0 | D:1      | Reached XP level 1. HP: 13/13 MP: 3/3
   232 | D:1      | Reached XP level 2. HP: 17/19 MP: 3/5
   915 | D:2      | Reached skill level 4 in Ice Magic
   915 | D:2      | Reached XP level 3. HP: 24/24 MP: 2/6
   920 | D:2      | Learned a level 3 spell: Ozocubu's Armour
  1333 | D:2      | Reached XP level 4. HP: 23/30 MP: 0/7
  1780 | D:3      | Noticed Jessica
  2208 | D:3      | Killed Jessica
  2252 | D:3      | Noticed Sigmund
  2271 | D:4      | Noticed Menkaure
  2303 | D:5      | Entered Level 5 of the Dungeon
  2322 | D:5      | Reached XP level 5. HP: 16/36 MP: 6/9
  2328 | D:5      | Learned a level 4 spell: Condensation Shield
  2490 | D:5      | Reached skill level 1 in Fighting
  2490 | D:5      | Reached skill level 1 in Throwing
  2551 | D:5      | Noticed an ogre
  2567 | D:5      | Demolished by an ogre

Vault maps used:
D:1:      saegor_arrival_simple_a, minmay_misc_feat_cross, minivault_14,
          minmay_splitting_lines
D:3:      serial_glass, glass_columns_c, glass_columns_b, glass_columns_b,
          glass_columns_a, glass_columns_a, glass_columns_b,
          gup_sewer_entry_bubbles, uniq_jessica, uniq_iyjb, uniq_sigmund
D:4:      uniq_menkaure
D:5:      temple_fountains, serial_shops, shop, first_bread, kennysheep_dice

Action                   |  1- 3 |  4- 6 || total
-------------------------+-------+-------++-------
Melee: Short sword       |    31 |    19 ||    50
       Unarmed           |     3 |       ||     3
Throw: Stone             |    33 |    12 ||    45
 Cast: Freeze            |    34 |    16 ||    50
       Ozocubu's Armour  |     2 |     3 ||     5
Evoke: Wand              |       |     2 ||     2
  Use: Scroll            |     4 |     1 ||     5
 Stab: Sleeping          |       |     1 ||     1
  Eat: Chunk             |     2 |     3 ||     5
       Bread ration      |       |     1 ||     1
